 Dungeon Crawl Stone Soup version 0.31-a0-426-g3a05650e59 (webtiles) character file.

Game seed: 16243897652776467692

109 LeprechaunX the Ruffian (level 4, 0/29 HPs)
             Began as an Octopode Shapeshifter on July 31, 2023.
             Slain by a river rat (5 damage)
             ... in a sewer.
             The game lasted 00:02:09 (1890 turns).

LeprechaunX the Ruffian (Octopode Shapeshifter)     Turns: 1890, Time: 00:02:10

Health: 0/29       AC:  1    Str: 16    XL:     4   Next: 89%
Magic:  4/4        EV: 13    Int: 10    God:
Gold:   110        SH:  0    Dex: 12    Spells: 1/3 levels left

rFire   . .          .
                       - Unarmed
rCold   . . .        (no shield)
rNeg    . . .        (helmet currently unavailable)
rPois   .            (no amulet)
rElec   .            (no ring)
rCorr   .            (no ring)
SInv    .            (no ring)
Will    .....        (no ring)
Stlth   ++           (no ring)
HPRegen 0.24/turn    (no ring)
MPRegen 0.09/turn    (no ring)
                     (no ring)

%: no passive effects
@: beast-form
A: beast (slay +2), almost no armour, amphibious, 8 rings, camouflage 1,
gelatinous body 1, (nimble swimmer 1), tentacles
a: Begin Untransformation


You were in a sewer.
You were a hulking beast.
You visited 1 branch of the dungeon, and saw 3 of its levels.
You also visited: Sewer.

You collected 110 gold pieces.

Inventory:

Missiles
 f - 2 curare-tipped darts (quivered)
Jewellery
 j - a ring of protection from fire
Talismans
 b - a beast talisman (active)
Scrolls
 c - a scroll of poison {unknown}
 h - 2 scrolls of identify {unknown}
 i - a scroll of brand weapon {unknown}
 l - a scroll of summoning {unknown}
 m - a scroll of vulnerability {unknown}
 n - a scroll of blinking {unknown}
 o - a scroll of teleportation {unknown}
Potions
 a - a potion of lignification
 d - a potion of brilliance {unknown}
 e - 3 potions of heal wounds {unknown}
 g - a potion of magic {unknown}
 k - a potion of curing {unknown}
 p - 6 potions of enlightenment
 q - a potion of cancellation {unknown}
 r - a potion of might {unknown}


   Skills:
 + Level 2.1 Fighting
 + Level 2.7 Dodging
 * Level 4.1 Unarmed Combat
 + Level 3.4 Shapeshifting


You had one spell level left.
You knew the following spells:

 Your Spells              Type           Power      Damage    Failure   Level
a - Blink                 Tloc           0%         N/A       50%         2

Your spell library contained the following spells:

 Spells                   Type           Power      Damage    Failure   Level
 Apportation              Tloc           0%         N/A       36%         1
 Freeze                   Ice            0%         1d3       36%         1
 Necrotise                Necr           0%         1d4       36%         1
 Summon Small Mammal      Summ           0%         N/A       36%         1
 Lesser Beckoning         Tloc           0%         N/A       50%         2
 Momentum Strike          Conj/Tloc      0%         3d8       50%         2
 Frozen Ramparts          Ice            0%         1d1       75%         3
 Hailstorm                Conj/Ice       0%         3d3       75%         3


Dungeon Overview and Level Annotations

Branches:
Dungeon (3/15)              Sewer (1/1)

Altars:


Innate Abilities, Weirdness & Mutations

You are a hulking beast.
Your limbs bulge with bestial killing power. (Slay +2)
You cannot wear most types of armour.
You are amphibious.
You can wear up to eight rings at the same time.
Your skin changes colour to match your surroundings (Stealth+).
Your rubbery body absorbs attacks. (AC +1, EV +1)
((You are camouflaged when in or above water. (Stealth+)))
You have tentacles for arms and can constrict up to eight enemies at once.


Message History

You constrict the river rat.
You kill the river rat!
The river rat bites you!
Unknown command.
You tentacle-slap the river rat but do no damage.
Your grab misses the river rat.
You squeeze the river rat, but do no damage.
The river rat completely misses you.
Unknown command.
You barely miss the river rat. You grab the river rat.
You constrict the river rat, but do no damage.
The river rat barely misses you.
The river rat twitches its whiskers.
The river rat bites you.
You tentacle-slap the river rat.
The river rat is moderately wounded.
You constrict the river rat. The river rat closely misses you.
The river rat bites you.
Unknown command.
You tentacle-slap the river rat but do no damage.
The river rat is moderately wounded.
You constrict the river rat. The river rat closely misses you.
The river rat barely misses you.
You tentacle-slap the river rat but do no damage.
The river rat is heavily wounded.
You constrict the river rat. The river rat barely misses you.
The river rat bites you.
You tentacle-slap the river rat.
The river rat is almost dead.
You constrict the river rat.
You kill the river rat!
The river rat completely misses you.
You tentacle-slap the river rat but do no damage.
Your grab misses the river rat. The river rat bites you.
* * * LOW HITPOINT WARNING * * *
Unknown command.
You tentacle-slap the river rat. You grab the river rat.
The river rat is heavily wounded.
You constrict the river rat. The river rat bites you.
You die...

#≈≈≈≈≈≈≈≈≈≈≈≈≈~~≈≈≈≈≈≈~#
#≈≈~~~.~.~~~~~~~~~~~~≈~#
#≈≈~###~≈~####~~####~≈~#
#≈≈~# #.≈~# #~~# #.≈~#
#≈≈~# #~≈~# #.~# #~≈~#
#≈≈.# #~≈~####..####.≈~#
#≈≈~# #~≈~##!#..#.##.≈~#
#≈≈.# #~≈.##.'..r.##~≈~#
#≈≈~# #~≈.##!'.h†.##~≈.#
#≈≈~# #~≈.##.#..#.##~≈~#
#≈≈~# #~≈~####..# ##~≈~#
#≈≈~# #.≈~# #..# #~≈~#
#≈≈~# #~≈~# #..# #~≈~#
#≈≈.# #.≈~# #..# #~≈~#
#≈≈~# #~≈.# +..+ #~≈~#
#≈≈~# #~≈~# +..+ #.≈~#
#≈≈~# #~≈~# #~≈~#


You could see a river rat.

Vanquished Creatures
  4 river rats (Sewer)
  An adder (D:2)
  6 bats
  7 endoplasms
  7 giant cockroaches
  6 goblins
  A hobgoblin (D:1)
  2 jackals (Sewer)
  5 quokkas
  7 ball pythons
  5 frilled lizards
  4 kobolds (D:1)
  2 rats
57 creatures vanquished.

Notes
Turn   | Place    | Note
-------+----------+-------------------------------------------
     0 | D:1      | LeprechaunX the Octopode Shapeshifter began the quest for
                  | the Orb.
     0 | D:1      | Reached XP level 1. HP: 13/13 MP: 1/1
   148 | D:1      | Reached XP level 2. HP: 11/18 MP: 2/2
   256 | D:1      | Found a faded altar of an unknown god.
   351 | D:1      | Reached XP level 3. HP: 21/23 MP: 3/3
   954 | D:2      | Learned a level 2 spell: Blink
  1517 | D:3      | Found a glowing drain.
  1531 | D:3      | Reached XP level 4. HP: 26/29 MP: 4/4
  1543 | Sewer    | Entered a sewer
  1881 | Sewer    | Reached skill level 4 in Unarmed Combat
  1890 | Sewer    | Slain by a river rat

Illustrated notes

Levels and vault maps discovered:
D:1:      minmay_arrival_up_and_down, layout_rooms,
          ebering_ecumenical_altar_rust, serial_bayou_ford_a
D:2:      layout_basic
D:3:      layout_loops_corners, portal_sewer_entry_f, wad_rectangle_vault
Sewer:    sewer_fruit_machine

Skill      XL: |  1  2  3  4 |
---------------+-------------+-----
Fighting       | 2 |  2.1
Unarmed Combat | 4 |  4.1
Dodging        | |  2.7
Shapeshifting  | |  3.4

Action                     |  1- 3 |  4- 6 || total
---------------------------+-------+-------++-------
  Melee: Unarmed           |    71 |    34 ||   105
         Constrict         |    13 |    10 ||    23
         Tentacles         |    11 |     5 ||    16
         Punch             |     3 |     1 ||     4
   Stab: Sleeping          |    10 |     3 ||    13
 Armour: Skin              |     2 |     1 ||     3
  Dodge: Dodged            |    39 |    18 ||    57

Table legend: (Time is in decaauts)
 A = Elapsed time spent in this place.
 B = Non-inter-level travel time spent in this place.
 C = Inter-level travel time spent in this place.
 D = Time resting spent in this place.
 E = Time spent auto-exploring this place.
 F = Levels seen in this place.
 G = Mean time per level.
                   A        B        C        D        E       F      G
               +--------+--------+--------+--------+--------+-----+--------+
         Total |   1882 |   1851 |     31 |      3 |   1519 |   4 |  470.5 |
       Dungeon |   1537 |   1506 |     31 |      3 |   1248 |   3 |  512.3 |
         Sewer |    345 |    345 |      0 |      0 |    271 |   1 |  345.0 |
               +--------+--------+--------+--------+--------+-----+--------+

Top non-repeatable levels by time:
     D:2: 853 daAuts
     D:1: 572 daAuts
   Sewer: 345 daAuts
     D:3: 111 daAuts
